 Dungeon Crawl Stone Soup version 0.23.0-33-g5e6c059 (webtiles) character file.

Game seed: 17436005279611805784

1105 Hasart the Magician (level 8, -2/41 HPs)
             Began as a Deep Elf Ice Elementalist on Feb 26, 2019.
             Was a Believer of Sif Muna.
             Killed from afar by an orc wizard (6 damage)
             ... with a magic dart
             ... on level 5 of the Dungeon.
             The game lasted 00:17:50 (5853 turns).

Hasart the Magician (Deep Elf Ice Elementalist)     Turns: 5853, Time: 00:17:51

Health: -2/41      AC:  3    Str:  5    XL:     8   Next: 11%
Magic:  8/20       EV: 13    Int: 23    God:    Sif Muna [**....]
Gold:   248        SH:  0    Dex: 15    Spells: 12/21 levels left

rFire    . . .     SeeInvis .   f - +0 short sword
rCold    . . .     Gourm    .   (no shield)
rNeg     . . .     Faith    +   a - +0 robe
rPois    .         Spirit   .   o - +0 helmet
rElec    .         Reflect  .   (no cloak)
rCorr    .         Harm     .   (no gloves)
MR       .....                  (no boots)
Stlth    ++........             g - amulet of faith
HPRegen  0.13/turn              j - ring of flight
MPRegen  0.17/turn              (no ring)

@: no status effects
A: no striking features
a: Divine Energy, Renounce Religion, Evoke Flight


You were on level 5 of the Dungeon.
You worshipped Sif Muna.
Sif Muna was pleased with you.
You were not hungry.

You visited 1 branch of the dungeon, and saw 5 of its levels.

You collected 248 gold pieces.

Inventory:

Hand Weapons
 f - a +0 short sword (weapon)
Armour
 a - a +0 robe (worn)
 o - a +0 helmet (worn)
 q - a +0 buckler
Jewellery
 g - an amulet of faith (around neck)
 j - a ring of flight (left hand)
Wands
 p - a wand of flame (35)
 t - a wand of polymorph (12)
Scrolls
 d - 11 scrolls of identify {unknown}
 i - 2 scrolls of fog {unknown}
 n - 3 scrolls of teleportation {unknown}
 r - 3 scrolls of remove curse {unknown}
 s - 3 scrolls of enchant armour {unknown}
 x - a scroll of immolation {unknown}
 y - a scroll of fear {unknown}
 C - a scroll of blinking {unknown}
Potions
 b - a potion of curing {unknown}
 e - 2 potions of ambrosia {unknown}
 h - 3 potions of brilliance {unknown}
 k - a potion of cancellation {unknown}
 l - a potion of magic {unknown}
 m - a potion of heal wounds {unknown}
 u - a potion of degeneration {unknown}
 v - a potion of flight {unknown}
 w - a potion of haste {unknown}
 A - a potion of berserk rage {unknown}
 B - a potion of invisibility {unknown}
Comestibles
 c - 7 rations
 z - a chunk of flesh


   Skills:
 - Level 2.4 Dodging
 - Level 2.4 Stealth
 + Level 7.1 Spellcasting
 * Level 6.4 Conjurations
 + Level 7.0 Ice Magic


You had 12 spell levels left.
You knew the following spells:

 Your Spells              Type           Power        Failure   Level  Hunger
a - Freeze                Ice            ####         1%          1    None
b - Throw Icicle          Conj/Ice       #####...     4%          4    ###....
c - Summon Ice Beast      Ice/Summ       ###.....     19%         4    ###....

Your spell library contained the following spells:

 Spells                   Type           Power        Failure   Level  Hunger
 Throw Frost              Conj/Ice       #####.       1%          2    None
 Ozocubu's Armour         Chrm/Ice       ###.....     5%          3    None


Dungeon Overview and Level Annotations

Branches:
Dungeon (5/15)             Temple (0/1) D:4

Altars:
Ashenzari
Elyvilon
Kikubaaqudgha
Sif Muna
Wu Jian


Message History

The orc wizard mumbles some strange words.
The orc wizard blinks!
Unknown command.
Casting: Throw Icicle (safe; 4% risk of failure)
Confirm with . or Enter, or press ? or * to list all spells.
Aiming: Throw Icicle (safe; 4% risk of failure)
Press: ? - help, Shift-Dir - straight line, f - orc wizard
Aim: an orc wizard, wielding a +0 dagger and wearing a +0 robe of magic resistance
Okay, then.
The orc wizard barely misses you.
Casting: Throw Icicle (safe; 4% risk of failure)
Confirm with . or Enter, or press ? or * to list all spells.
Aiming: Throw Icicle (safe; 4% risk of failure)
Press: ? - help, Shift-Dir - straight line, f - orc wizard
Aim: an orc wizard, wielding a +0 dagger and wearing a +0 robe The shard of ice hits the orc wizard!
The orc wizard is almost dead.
The orc wizard gestures at you while chanting.
The magic dart hits you.
You die...

........................##
.....................#...####
....†................##.....#
...............#............##
#..............#.......#.....#
#............................#
###.....................##.###
#....................#####
####.######...@.....(.# #.#
.....###o..(#.## ... ..#
.##.o...### ##..# #...)o...#
#... ...........#
.#.............## .
.............. #
......##....... ... ##+###...


You could see 2 orc wizards and an orc.

Vanquished Creatures
  Grinder (D:3)
  A sky beast (D:5)
  2 phantoms
  An ogre (D:4)
  2 centaurs (D:5)
  A hound (D:4)
  Ijyb (D:3)
  Natasha (twice) (D:2)
  An iguana (D:4)
  4 worker ants
  8 adders
  A shadow imp (D:5)
  A worm (D:4)
  A dart slug (D:3)
  4 leopard geckos
  6 orcs
  4 giant cockroaches
  4 goblins
  13 hobgoblins
  4 jackals (D:5)
  3 kobolds
  A quokka (D:5)
  9 bats
  9 frilled lizards
  9 rats
93 creatures vanquished.

Vanquished Creatures (collateral kills)
  Terence (D:3)
1 creature vanquished.

Grand Total: 94 creatures vanquished

Notes
Turn   | Place    | Note
-------+----------+-------------------------------------------
     0 | D:1      | Hasart the Deep Elf Ice Elementalist began the quest for
                  | the Orb.
     0 | D:1      | Reached XP level 1. HP: 10/10 MP: 6/6
   189 | D:1      | Reached XP level 2. HP: 7/15 MP: 4/8
  1404 | D:2      | Reached XP level 3. HP: 14/19 MP: 6/10
  1565 | D:2      | Noticed Natasha
  1572 | D:2      | Killed Natasha
  1833 | D:2      | Reached XP level 4. HP: 13/24 MP: 4/12
  2237 | D:2      | Noticed Natasha
  2242 | D:2      | Killed Natasha
  2242 | D:2      | Reached skill level 5 in Ice Magic
  2302 | D:2      | Found an ornate altar of the Wu Jian Council.
  2457 | D:3      | Learned a level 4 spell: Throw Icicle
  2462 | D:3      | Learned a level 4 spell: Summon Ice Beast
  2601 | D:3      | Noticed Grinder
  2840 | D:4      | Reached XP level 5. HP: 28/28 MP: 11/14
  3034 | D:4      | Reached skill level 5 in Spellcasting
  3108 | D:4      | Noticed a phantom
  3412 | D:3      | Noticed Ijyb
  3416 | D:3      | Killed Ijyb
  3687 | D:3      | Reached XP level 6. HP: 26/32 MP: 11/15
  3837 | D:3      | Noticed Terence
  3842 | D:3      | Killed Terence
  4057 | D:3      | Found an ancient bone altar of Kikubaaqudgha.
  4062 | D:3      | Found a shattered altar of Ashenzari.
  4062 | D:3      | Found a deep blue altar of Sif Muna.
  4088 | D:3      | Became a worshipper of Sif Muna the Loreminder
  4109 | D:3      | Killed Grinder
  4508 | D:4      | Reached XP level 7. HP: 25/36 MP: 8/18
  4635 | D:4      | Found a staircase to the Ecumenical Temple.
  4688 | D:4      | Reached * piety under Sif Muna
  4688 | D:4      | Reached skill level 5 in Conjurations
  4930 | D:4      | Found a white marble altar of Elyvilon.
  4971 | D:5      | Entered Level 5 of the Dungeon
  5696 | D:5      | Reached XP level 8. HP: 23/41 MP: 4/20
  5850 | D:5      | Reached ** piety under Sif Muna
  5853 | D:5      | Killed from afar by an orc wizard

Skill      XL: |  1  2  3  4  5  6  7  8 |
---------------+-------------------------+-----
Ice Magic      | 4 5 6 7 |  7.0
Spellcasting   | 4 5 6 7 |  7.1
Conjurations   | 3 4 6 |  6.4
Dodging        | |  2.4
Stealth        | |  2.4

Action                   |  1- 3 |  4- 6 |  7- 9 || total
-------------------------+-------+-------+-------++-------
Melee: Unarmed           |     2 |       |       ||     2
       Short sword       |     3 |    15 |    10 ||    28
 Cast: Freeze            |    51 |    77 |    29 ||   157
       Throw Icicle      |       |    15 |    21 ||    36
       Summon Ice Beast  |       |     1 |       ||     1
  Eat: Chunk             |     3 |     8 |     5 ||    16
       Ration            |       |     1 |       ||     1
Armor: Robe              |     3 |     8 |     7 ||    18
Dodge: Dodged            |    23 |    45 |    25 ||    93
